 Dungeon Crawl Stone Soup version 0.18.1-8-gdd0e5ea (webtiles) character file.

89584 juanjsm the Imperceptible (level 15, -7/73 HPs)
             Began as a Spriggan Enchanter on June 1, 2016.
             Was the Champion of Ashenzari.
             Killed by the raging water
             ... invoked by a water nymph
              (30 damage)
             ... on level 1 of the Shoals.
             The game lasted 04:10:20 (27663 turns).

juanjsm the Imperceptible (Spriggan Enchanter)     Turns: 27663, Time: 04:10:20

Health: -7/73      AC:  8    Str:  6    XL:     15   Next: 49%
Magic:  19/31      EV: 32    Int: 30    God:    Ashenzari [******]
Gold:   1228       SH:  0    Dex: 17    Spells: 13 memorised, 11 levels left

rFire  + . .     SeeInvis +     e - +3 dagger (vamp) (curse)
rCold  . . .     Gourm    .     f - +2 robe {MR+} (curse)
rNeg   + . .     Faith    .     (shield restricted)
rPois  +         Spirit   .     M - +2 hat of the High Council {Archmagi, Wiz- Stlth-} (curse)
rElec  .         Dismiss  .     r - +1 cloak {rPois} (curse)
rCorr  .         Reflect  .     (gloves unavailable)
SustAt .         Harm     .     (boots unavailable)
MR     +++..     Clarity  +     R - amulet "Loefeth" {+Fly Regen+ Int+7 Slay-5}
Stlth  ++++++++++               V - ring of Shadows {Umbra +Inv rN+ SInv} (curse)
                                Y - ring of protection from fire (curse)

@: flying, very slightly contaminated, wreathed by umbra, invisible, very quick,
extremely resistant to hostile enchantments, uncannily stealthy
A: unfitting armour, fangs 1, horns 1, see invisible, berserk 1, herbivore 3,
speed 3, low mp 1, slow metabolism 2, strong 1, wild magic 1
a: End Transfer Knowledge, Curse Item, Scrying, Transfer Knowledge, Renounce
Religion, Turn Visible, Stop Flying


You were on level 1 of the Shoals.
You worshipped Ashenzari.
Ashenzari was exalted by your worship.
You were not hungry.

You visited 5 branches of the dungeon, and saw 28 of its levels.
You also visited: Volcano.

You collected 2980 gold pieces.
You spent 1752 gold pieces at shops.

Inventory:

Hand Weapons
 e - a cursed +3 vampiric dagger (weapon)
 Z - a +0 quick blade
Armour
 f - a cursed +2 robe of magic resistance (worn)
 r - a cursed +1 cloak of poison resistance (worn)
 M - the cursed +2 hat of the High Council (worn) {Archmagi, Wiz- Stlth-}
   (You found it on level 1 of the Lair of Beasts)

   It makes you less stealthy.
   It has a curse placed upon it.
 X - a +2 buckler of protection
Jewellery
 R - the amulet "Loefeth" (around neck) {+Fly Regen+ Int+7 Slay-5}
   (You found it on level 8 of the Dungeon)

   [amulet of regeneration]

   It affects your intelligence (+7).
   It affects your accuracy and damage with ranged weapons and melee attacks
   (-5).
   It lets you fly.
   It increases your rate of regeneration.
 V - the cursed ring of Shadows (right hand) {Umbra +Inv rN+ SInv}
   (You found it on level 15 of the Dungeon)

   [ring of positive energy]

   It protects you from negative energy.
   It lets you see invisible.
   It lets you turn invisible.
   It has a curse placed upon it.
 Y - a cursed ring of protection from fire (left hand)
Wands
 c - a wand of digging (11/24)
 i - a wand of disintegration (7/24)
 t - a wand of paralysis (13/24)
 D - a wand of iceblast (7/15)
 I - a wand of acid (5/15)
 Q - a wand of lightning (4/15)
 W - a wand of teleportation (8/9)
Scrolls
 a - a scroll of enchant weapon
 b - 2 scrolls of silence
 k - a scroll of summoning
 p - 7 scrolls of fog
 s - 5 scrolls of recharging
 A - a scroll of holy word
 C - 10 scrolls of teleportation
 F - 3 scrolls of blinking
 S - 7 scrolls of magic mapping
Potions
 g - 2 potions of cancellation
 j - 14 potions of curing
 l - 4 potions of flight
 m - 2 potions of resistance
 n - 6 potions of might
 o - a potion of berserk rage
 u - 4 potions of agility
 L - 3 potions of magic
 N - a potion of brilliance
 P - 2 potions of haste
 U - 3 potions of heal wounds
Miscellaneous
 w - an ornate deck of defence {Fortitude}
Comestibles
 d - 20 bread rations
 h - a royal jelly


   Skills:
 * Level 6.2 Fighting
 + Level 6.8(11.3) Short Blades
 - Level 3.1 Armour
 + Level 12.6(16.7) Dodging
 * Level 22.8(26.1) Stealth
 * Level 0.4 Shields
 * Level 14.5 Spellcasting
 * Level 6.7(9.8) Conjurations
 + Level 11.0(13.8) Hexes
 - Level 0.8(2.3) Charms
 - Level 1.7(3.8) Translocations
 - Level 2.0(4.3) Ice Magic
 * Level 6.8(9.9) Evocations


You had 11 spell levels left.
You knew the following spells:

 Your Spells              Type           Power        Failure   Level  Hunger
a - Corona                Hex            #######      1%          1    None
b - Ensorcelled Hibernat  Hex/Ice        ######       2%          2    None
c - Confuse               Hex            ########     1%          3    None
d - Dazzling Spray        Conj/Hex       ########     1%          3    None
e - Passwall              Trmt/Erth      #####.....   11%         2    None
f - Apportation           Tloc           ######....   4%          1    None
g - Blink                 Tloc           N/A          5%          2    None
h - Shroud of Golubria    Chrm/Tloc      ######....   5%          2    None
i - Tukima's Dance        Hex            ########     1%          3    None
j - Stone Arrow           Conj/Erth      ######       5%          3    None
k - Cure Poison           Pois           #####.....   11%         2    None
l - Regeneration          Chrm/Necr      ######....   13%         3    None
m - Venom Bolt            Conj/Pois      #######...   26%         5    None


Dungeon Overview and Level Annotations

Branches:
Dungeon (15/15)            Temple (1/1) D:6            Lair (8/8) D:11
 Shoals (2/4) Lair:4       Spider (0/4) Lair:3        Slime (0/6) Lair:7
    Orc (2/2) D:11            Elf (0/3) Orc:2        Vaults (0/5) D:13
 Depths (0/5) D:15

Altars:
Ashenzari
Cheibriados
Dithmenos
Elyvilon
Fedhas
Gozag
Kikubaaqudgha
Makhleb
Nemelex Xobeh
Okawaru
Pakellas
Qazlal
Ru
Sif Muna
Trog
Vehumet
Xom
Yredelemnul
Zin
The Shining One
Beogh
Jiyva

Shops:
D:6 !   D:10 ?   Orc:2 (**?

Annotations:
Lair:4 exclusion: ice statue


Innate Abilities, Weirdness & Mutations

You are tiny and cannot use many weapons and most armour.
You have supernaturally acute eyesight.
You are a herbivore.
You cover ground extremely quickly.
You need consume almost no food.
You have very sharp teeth.
You have a pair of small horns on your head.
You tend to lose your temper in combat.
Your magical capacity is low (-10% MP).
Your muscles are strong. (Str +2)
Your spells are a little harder to cast, but a little more powerful.


Message History

You feel much better. The water nymph closely misses you.
Casting: Regeneration
Confirm with . or Enter, or press ? or * to list all spells.
Aiming: Dazzling Spray
Press: ? - help, Shift-Dir - straight line, f/p - water nymph
Aim: a water nymph (umbra)
You feel a surge of power!
The spray of energy misses the water nymph.
The water nymph completely misses you.
You barely miss the water nymph. You headbutt the water nymph.
Your bite misses the water nymph.
The water nymph is lightly wounded.
The water nymph points at you and mumbles some strange words.
The water rises up and strikes you!
* * * LOW HITPOINT WARNING * * *
Drink which item? (? for menu, Esc to quit)
You feel much better. The water nymph casts a spell at you.
The water rises up and strikes you!
You die...

≈ ≈≈≈ ≈≈≈ ....≈≈≈....≈≈ ≈ ≈ ≈≈
≈≈≈≈≈≈≈ ≈ ≈≈≈≈≈≈≈≈≈..≈≈ ≈ ≈≈
≈≈≈≈≈≈≈≈ ≈ ≈.≈≈≈≈≈≈≈≈≈..≈≈ ≈≈≈
≈ ≈≈≈≈≈≈≈ .≈≈≈≈..≈≈≈≈≈... ≈≈≈
≈≈≈ ≈≈≈≈≈≈≈ ,,..≈≈..#≈≈...≈..
≈ ≈ ≈≈≈≈≈≈. * ..≈≈≈....≈...≈≈
≈≈≈≈ ≈≈≈≈≈≈.## .........≈≈...≈
≈≈ ≈ ≈≈≈≈≈≈..##....#.........≈
≈ ≈≈≈≈
≈≈≈≈≈≈≈)@....#*#).....≈.. ≈ ≈
≈≈≈≈≈≈≈≈m≈.######....)....
≈≈≈≈ ≈≈≈≈≈≈≈≈≈≈≈≈.#
##....≈..≈≈..
≈≈≈≈≈≈≈≈≈≈≈≈≈.###............
≈≈≈≈≈≈≈≈≈≈≈≈≈≈..##......#.≈..≈
≈≈≈ ≈≈
≈≈≈≈≈≈≈≈≈≈≈...≈......≈≈.≈ ≈ ≈≈
≈ ≈≈≈≈≈≈≈≈≈≈≈≈..≈≈.≈≈≈...≈≈≈
≈≈≈≈
≈≈≈≈≈≈≈≈≈≈≈≈≈...≈....≈..... ≈≈
≈≈≈ ≈≈≈≈≈≈≈≈≈≈....≈....≈≈....


You could see a water nymph.

Vanquished Creatures
  Gastronok (Lair:3)
  Josephine (D:14)
  A merfolk impaler (Shoals:1)
  A fire dragon (D:15)
  An ice dragon (D:15)
  A catoblepas (D:15)
  3 hydras
  2 centaur warriors (D:13)
  A tengu warrior (D:15)
  9 death yaks (Lair:8)
  6 orc high priests (Orc:2)
  Sonja (D:11)
  2 fire crabs
  6 hill giants
  11 orc knights
  A lindwurm (Volcano)
  A necromancer (D:13)
  2 orc sorcerers (Orc:2)
  3 griffons
  6 ugly things
  2 deep elf magi
  A cyclops (D:15)
  5 elephants (Lair:4)
  A manticore (Shoals:1)
  2 molten gargoyles (Volcano)
  Joseph (D:7)
  A siren (Shoals:1)
  A torpor snail (Lair:4)
  3 centaur skeletons
  2 black mambas
  3 gargoyles
  23 spiny frogs
  A freezing wraith (Lair:4)
  A rime drake (Lair:6)
  4 komodo dragons
  3 kobold demonologists (D:14)
  A tengu conjurer (D:15)
  6 merfolk (Shoals:1)
  2 giant leeches (Lair:8)
  2 trolls (Orc:1)
  A polar bear (Lair:6)
  The ghost of Kilrog the Skirmisher, an amateur DsBe of Trog (D:3)
  2 two-headed ogres (D:13)
  12 blink frogs
  10 slime creatures
  5 wraiths (D:14)
  2 snapping turtles (Shoals:1)
  A redback (Lair:3)
  2 wyverns
  52 yaks
  2 shadows
  A vampire (D:14)
  A hog (D:7)
  A human (D:7)
  2 fire elementals (Volcano)
  3 hungry ghosts
  3 basilisks
  10 hippogriffs
  A steam dragon (D:13)
  12 vampire mosquitoes
  Menkaure (D:7)
  2 mottled dragons
  4 wargs
  A soldier ant (D:13)
  15 water moccasins
  11 porcupines
  Duvessa (D:5)
  2 wasps (D:7)
  20 ice beasts
  43 orc warriors
  A black bear (D:9)
  A necrophage (D:9)
  An eye of draining (D:10)
  2 phantoms (D:7)
  9 ogres
  8 wolves (Lair:4)
  15 crocodiles
  13 centaurs
  A big kobold (D:14)
  A wyvern zombie (D:13)
  31 giant frogs
  A gnoll sergeant (Orc:2)
  An earth elemental (Orc:2)
  Dowan (D:5)
  3 wyvern skeletons
  2 scorpions
  A water moccasin skeleton (D:5)
  5 killer bees
  8 howler monkeys
  5 wights (D:6)
  2 electric eels (Lair:8)
  2 centaur zombies
  7 crimson imps
  2 giant frog zombies
  A quasit (D:7)
  2 jellies
  29 orc priests
  7 hounds
  A giant frog skeleton (D:7)
  20 orc wizards
  9 iguanas
  9 worker ants
  15 sheep
  A hound skeleton (D:11)
  2 worker ant zombies
  15 adders
  3 gnolls (Orc:2)
  57 river rats
  7 shadow imps
  3 white imps (Lair:4)
  An ooze (D:2)
  2 adder skeletons
  2 worms
  3 dart slugs
  6 giant geckos
  72 orcs
  4 bats
  7 giant cockroaches
  7 hobgoblins
  12 jackals
  4 quokkas
  2 ball pythons
  7 giant newts
  15 goblins
  13 kobolds
  A quokka skeleton (D:7)
  9 rats
  A fire vortex (Volcano)
821 creatures vanquished.

Vanquished Creatures (collateral kills)
  4 orcs (Orc:1)
4 creatures vanquished.

Vanquished Creatures (others)
  5 fungi
  14 plants
19 creatures vanquished.

Grand Total: 844 creatures vanquished

Notes
Turn   | Place    | Note
--------------------------------------------------------------
     0 | D:1      | juanjsm the Spriggan Enchanter began the quest for the Orb.
     0 | D:1      | Reached XP level 1. HP: 9/9 MP: 5/5
   169 | D:4      | Noticed a phantom
   765 | D:1      | Reached XP level 2. HP: 13/13 MP: 5/7
   778 | D:1      | Learned a level 2 spell: Ensorcelled Hibernation
  1189 | D:1      | Reached skill level 5 in Stealth
  1327 | D:1      | Reached XP level 3. HP: 11/16 MP: 0/8
  1332 | D:1      | Learned a level 3 spell: Confuse
  1811 | D:2      | Found a snail-covered altar of Cheibriados.
  1900 | D:3      | Noticed Kilrog's ghost (amateur DsBe)
  2007 | D:2      | Reached XP level 4. HP: 17/21 MP: 5/10
  2012 | D:2      | Learned a level 3 spell: Dazzling Spray
  2518 | D:3      | Reached skill level 1 in Ice Magic
  2519 | D:3      | Found a shattered altar of Ashenzari.
  2524 | D:3      | Became a worshipper of Ashenzari the Shackled
  2857 | D:4      | Reached XP level 5. HP: 24/24 MP: 8/11
  2858 | D:4      | Noticed a moth of wrath
  2861 | D:4      | Found a bloodstained altar of Trog.
  2901 | D:4      | Got the uncursed cloak of the Orb Guardian {rF+}
  2907 | D:4      | Identified the +2 cloak of the Orb Guardian {rF+} (You found it on level 4 of the Dungeon)
  2930 | D:4      | Got the whip of Collusion {speed, *Rage rF+ rC+ Str+2}
  3119 | D:4      | Reached skill level 6 in Stealth
  3127 | D:3      | Noticed a centaur
  3160 | D:3      | Killed a centaur
  3160 | D:3      | Reached XP level 6. HP: 21/29 MP: 3/13
  3189 | D:3      | Killed Kilrog's ghost
  3189 | D:3      | Reached skill level 7 in Stealth
  3484 | D:4      | Reached XP level 7. HP: 32/32 MP: 11/14
  3506 | D:4      | Reached skill level 8 in Stealth
  3841 | D:5      | Entered Level 5 of the Dungeon
  4375 | D:5      | Reached skill level 5 in Dodging
  4409 | D:5      | Learned a level 2 spell: Passwall
  4421 | D:5      | Noticed Duvessa
  4433 | D:5      | Noticed Dowan
  4436 | D:5      | Reached skill level 5 in Hexes
  4438 | D:5      | Killed Duvessa
  4438 | D:5      | Reached skill level 9 in Stealth
  4438 | D:5      | Reached skill level 5 in Spellcasting
  4438 | D:5      | Reached skill level 1 in Conjurations
  4444 | D:5      | Found an oddly glowing altar of Pakellas.
  4546 | D:5      | Killed Dowan
  4554 | D:5      | Gained mutation: You tend to lose your temper in combat. [potion of mutation]
  4554 | D:5      | Gained mutation: Your magical capacity is low (-10% MP). [potion of mutation]
  4554 | D:5      | Lost mutation: You tend to lose your temper in combat. [potion of mutation]
  4555 | D:5      | Gained mutation: You have a pair of small horns on your head. [potion of mutation]
  4555 | D:5      | Gained mutation: Your spells are a little harder to cast, but a little more powerful. [potion of mutation]
  4629 | D:5      | Reached XP level 8. HP: 32/37 MP: 5/15
  4789 | D:5      | Learned a level 1 spell: Apportation
  4792 | D:5      | Learned a level 2 spell: Blink
  4795 | D:5      | Learned a level 2 spell: Shroud of Golubria
  4809 | D:6      | Reached skill level 1 in Fighting
  4861 | D:5      | Identified the +5 whip of Collusion {speed, *Rage rF+ rC+ Str+2} (You found it on level 4 of the Dungeon)
  4878 | D:5      | Reached skill level 10 in Stealth
  4898 | D:5      | Reached * piety under Ashenzari
  4958 | D:5      | Found an iron altar of Okawaru.
  5012 | D:5      | Found a sacrificial altar of Ru.
  5232 | D:6      | Found a staircase to the Ecumenical Temple.
  5275 | Temple   | Entered the Ecumenical Temple
  5416 | D:6      | Gained mutation: You tend to lose your temper in combat. [potion of mutation]
  5416 | D:6      | Gained mutation: You have very sharp teeth. [potion of mutation]
  5416 | D:6      | Gained mutation: Your muscles are strong. (Str +2) [potion of mutation]
  5673 | D:6      | Found a glowing golden altar of the Shining One.
  5725 | D:6      | Reached skill level 11 in Stealth
  5757 | D:6      | Found Lyhippog's Distillery.
  5764 | D:6      | Bought a potion of heal wounds for 75 gold pieces
  5764 | D:6      | Bought a potion of curing for 45 gold pieces
  5764 | D:6      | Bought a potion of curing for 45 gold pieces
  5764 | D:6      | Bought 2 potions of degeneration for 30 gold pieces
  6211 | D:7      | Found a basalt altar of Yredelemnul.
  6390 | D:7      | Noticed Joseph
  6442 | D:7      | Reached XP level 9. HP: 14/41 MP: 10/17
  6450 | D:7      | HP: 2/41 [wasp (11)]
  6639 | D:7      | Noticed Menkaure
  6646 | D:7      | Killed Menkaure
  6706 | D:7      | Found an ancient bone altar of Kikubaaqudgha.
  6725 | D:7      | Reached ** piety under Ashenzari
  6807 | D:7      | Killed Joseph
  6807 | D:7      | Reached skill level 12 in Stealth
  7374 | D:7      | Reached skill level 13 in Stealth
  7486 | D:8      | Found a sparkling altar of Nemelex Xobeh.
  7582 | D:8      | Identified the amulet "Loefeth" {+Fly Regen+ Int+7 Slay-5}
  7655 | D:8      | Reached XP level 10. HP: 46/46 MP: 20/20
  7762 | D:8      | Found a white marble altar of Elyvilon.
  7785 | D:8      | Identified the +4 scale mail of Abstinence {rCorr Str+3 Slay+6}
  7947 | D:10     | Entered Level 10 of the Dungeon
  8119 | D:8      | Reached *** piety under Ashenzari
  8352 | D:8      | Learned a level 3 spell: Tukima's Dance
  8407 | D:9      | Found an opulent altar of Gozag.
  8446 | D:9      | Identified the +2 leather armour of Lugonu's Condemnation {rPois Regen+ Stlth+}
  8539 | D:10     | Reached skill level 5 in Short Blades
  8708 | D:9      | Reached skill level 14 in Stealth
  8708 | D:9      | Reached skill level 1 in Translocations
  9001 | D:9      | Reached **** piety under Ashenzari
  9199 | D:9      | Found a shattered altar of Ashenzari.
  9472 | D:10     | Found Geocanug's Magic Scroll Emporium.
  9500 | D:10     | Bought a scroll of identify for 26 gold pieces
  9500 | D:10     | Bought a scroll of remove curse for 39 gold pieces
  9500 | D:10     | Bought a scroll of identify for 26 gold pieces
  9500 | D:10     | Bought a scroll of identify for 26 gold pieces
  9500 | D:10     | Bought a scroll of identify for 26 gold pieces
  9500 | D:10     | Bought a scroll of identify for 26 gold pieces
  9500 | D:10     | Bought a scroll of teleportation for 39 gold pieces
  9500 | D:10     | Bought a scroll of fog for 26 gold pieces
  9500 | D:10     | Bought a scroll of amnesia for 45 gold pieces
  9805 | D:10     | Reached skill level 15 in Stealth
  9820 | D:10     | Found a bloodstained altar of Trog.
 10010 | D:11     | Found a staircase to the Lair.
 10040 | D:11     | Found a staircase to the Orcish Mines.
 10083 | D:11     | Noticed Sonja
 10108 | D:11     | Killed Sonja
 10108 | D:11     | Reached XP level 11. HP: 49/49 MP: 20/22
 10249 | D:11     | Noticed a hill giant
 10259 | D:11     | Killed a hill giant
 10402 | D:11     | Identified the +1 ring mail of Dyonnios {Dex+6}
 10552 | D:12     | Reached skill level 16 in Stealth
 10578 | Lair:1   | Entered Level 1 of the Lair of Beasts
 10685 | Lair:1   | Reached ***** piety under Ashenzari
 10879 | Lair:1   | Noticed a five-headed hydra
 10904 | Lair:1   | Killed a five-headed hydra
 10998 | Lair:1   | Reached skill level 10 in Spellcasting
 11566 | Lair:3   | Noticed Gastronok
 11676 | Lair:3   | Found a dark tunnel.
 11703 | Volcano  | Entered a volcano
 11708 | Volcano  | Reached skill level 17 in Stealth
 11739 | Volcano  | Noticed a lindwurm
 11744 | Volcano  | Killed a lindwurm
 12131 | Lair:4   | Found a staircase to the Shoals.
 12284 | D:11     | Noticed a cyan ugly thing
 12403 | D:6      | Bought a potion of heal wounds for 75 gold pieces
 12403 | D:6      | Bought 2 potions of heal wounds for 150 gold pieces
 12734 | D:11     | Killed a cyan ugly thing
 12734 | D:11     | Reached XP level 12. HP: 56/56 MP: 24/24
 12821 | Lair:2   | Reached skill level 10 in Dodging
 13707 | Lair:3   | Reached skill level 18 in Stealth
 13752 | Lair:3   | Found a hole to the Spider Nest.
 14317 | Lair:7   | Reached ****** piety under Ashenzari
 14345 | Lair:5   | Reached skill level 19 in Stealth
 14359 | Lair:4   | Identified the +3 leather armour of Derghoxka {rF+ rC+ Int-5 SInv}
 15259 | Lair:2   | Learned a level 3 spell: Stone Arrow
 15408 | Lair:7   | Reached skill level 5 in Conjurations
 15555 | Lair:5   | Reached XP level 13. HP: 61/61 MP: 24/26
 16313 | Lair:6   | Reached skill level 20 in Stealth
 16566 | Lair:7   | Found a staircase to the Slime Pits.
 16566 | Lair:7   | Found a viscous altar of Jiyva.
 17369 | Lair:8   | Entered Level 8 of the Lair of Beasts
 18498 | Lair:8   | Reached skill level 21 in Stealth
 19651 | Lair:8   | Reached skill level 5 in Fighting
 19804 | Lair:8   | Identified the +9 long sword of the Median {flame, +Inv}
 19873 | Lair:8   | Reached XP level 14. HP: 68/68 MP: 29/29
 20220 | Orc:1    | Entered Level 1 of the Orcish Mines
 20341 | Orc:2    | Entered Level 2 of the Orcish Mines
 20341 | Orc:2    | Found a staircase to the Elven Halls.
 20365 | Orc:2    | Reached skill level 10 in Hexes
 20409 | Orc:1    | Found a roughly hewn altar of Beogh.
 20471 | Orc:1    | Found a runed door.
 22475 | Orc:2    | Reached skill level 22 in Stealth
 22605 | Orc:2    | Found Ekisk's Assorted Antiques.
 22605 | Orc:2    | Found Houcucau's Weapon Emporium.
 22738 | Orc:2    | Found Ifajeg's Assorted Antiques.
 22738 | Orc:2    | Found Zohimu's Magic Scroll Emporium.
 22757 | Orc:2    | Bought a scroll of remove curse for 45 gold pieces
 22757 | Orc:2    | Bought a scroll of magic mapping for 52 gold pieces
 22757 | Orc:2    | Bought a scroll of identify for 30 gold pieces
 22757 | Orc:2    | Bought a scroll of noise for 15 gold pieces
 22757 | Orc:2    | Bought a scroll of fog for 30 gold pieces
 22757 | Orc:2    | Bought a scroll of identify for 30 gold pieces
 22761 | Orc:2    | Bought a scroll of teleportation for 45 gold pieces
 22783 | Orc:2    | Bought a scroll of identify for 56 gold pieces
 22783 | Orc:2    | Bought a scroll of identify for 56 gold pieces
 22790 | Orc:2    | Bought a scroll of identify for 64 gold pieces
 22795 | Orc:2    | Bought a scroll of remove curse for 84 gold pieces
 22795 | Orc:2    | Bought a papyrus manual for 420 gold pieces
 22807 | Orc:2    | Bought a runed cloak for 126 gold pieces
 23403 | Lair:3   | Killed Gastronok
 23639 | D:13     | Learned a level 2 spell: Cure Poison
 24377 | D:13     | Found a glowing golden altar of the Shining One.
 24390 | D:13     | Reached skill level 1 in Armour
 24590 | D:13     | Reached skill level 23 in Stealth
 24594 | D:13     | Identified the +1 robe of Teaf {rC+ Dex+3}
 24764 | D:13     | Reached XP level 15. HP: 73/73 MP: 29/30
 24769 | D:13     | Found a gate to the Vaults.
 25184 | D:14     | Noticed Josephine
 25186 | D:14     | Killed Josephine
 25222 | D:15     | Entered Level 15 of the Dungeon
 26000 | D:15     | Found a staircase to the Depths.
 27168 | Lair:2   | Learned a level 3 spell: Regeneration
 27174 | Lair:2   | Learned a level 5 spell: Venom Bolt
 27259 | Lair:4   | Reached skill level 1 in Evocations
 27345 | Shoals:1 | Entered Level 1 of the Shoals
 27408 | Shoals:1 | Reached skill level 5 in Evocations
 27536 | Shoals:1 | Reduced skill Stealth to level 22
 27662 | Shoals:1 | HP: 2/73 [water nymph/the raging water (36)]
 27663 | Shoals:1 | Killed from afar by a water nymph

Skill      XL: |  1  2  3  4  5  6  7  8  9 10 11 12 13 14 15 |
---------------+----------------------------------------------+-----
Spellcasting   | 3 4 5 6 7 9 10 11 13 14 | 14.5
Stealth        | 5 6 7 9 11 13 15 17 19 21 23 22 | 22.8
Dodging        | 4 5 6 8 9 10 11 12 | 12.6
Hexes          | 4 5 6 7 8 9 10 11 | 11.0
Ice Magic      | 1 2 |  2.0
Short Blades   | 2 4 5 6 |  6.8
Conjurations   | 1 2 3 4 5 6 |  6.7
Fighting       | 1 2 3 5 6 |  6.2
Translocations | 1 |  1.7
Armour         | 1 3 |  3.1
Evocations     | 6 |  6.8
Shields        | |  0.4
Charms         | |  0.8

Action                   |  1- 3 |  4- 6 |  7- 9 | 10-12 | 13-15 || total
-------------------------+-------+-------+-------+-------+-------++-------
Melee: Dagger            |   119 |    66 |   199 |   397 |   790 ||  1571
       Headbutt          |       |       |    23 |    35 |    77 ||   135
       Bite              |       |       |     6 |    25 |    58 ||    89
 Cast: Corona            |     8 |       |       |       |       ||     8
       Ensorcelled Hiber |    22 |    33 |    70 |   135 |   315 ||   575
       Dazzling Spray    |       |     2 |     3 |    19 |    27 ||    51
       Confuse           |       |     2 |    23 |    54 |   149 ||   228
       Apportation       |       |       |     1 |     5 |       ||     6
       Shroud of Golubri |       |       |       |     3 |     6 ||     9
       Passwall          |       |       |       |     1 |       ||     1
       Stone Arrow       |       |       |       |       |     4 ||     4
       Tukima's Dance    |       |       |       |       |     3 ||     3
Invok: Curse Item        |       |     3 |     2 |     2 |     5 ||    12
       Scrying           |       |       |       |       |     4 ||     4
       Transfer Knowledg |       |       |       |       |     1 ||     1
 Abil: Evoke Flight      |       |       |       |       |     4 ||     4
       Evoke Invisibilit |       |       |       |       |     1 ||     1
Evoke: Wand              |       |       |     1 |     1 |       ||     2
  Use: Scroll            |       |       |     8 |    14 |    11 ||    33
       Potion            |       |       |     6 |     2 |     7 ||    15
 Stab: Sleeping          |    23 |    30 |    63 |   176 |   286 ||   578
       Confused          |       |     4 |    17 |    38 |    89 ||   148
       Distracted        |       |       |     2 |     2 |    13 ||    17
       Invisible         |       |       |     3 |     4 |    15 ||    22
  Eat: Fruit             |       |     6 |       |     3 |       ||     9
       Pizza             |       |       |     1 |     7 |     3 ||    11
       Bread ration      |       |       |       |       |     1 ||     1
Armor: Robe              |    15 |     6 |    19 |    18 |    29 ||    87
Dodge: Dodged            |   107 |    52 |   140 |   260 |   562 ||  1121
